AoeStats
← funebrerosz

Arabia

510022646Analyzed
1v1 RM · 4d ago on Sep 29, 2026· 48m 31s· 2 players
Game mode
Random Map
Map size
Tiny (2 player)
Population
200
Speed
Normal
Resources
Standard
Victory
Conquest
Starting age
Dark Age
Ending age
Imperial Age
RankedLock teamsTeams togetherTeam positionsShared explorationLock speedFull tech treeHidden civsTurbo modeCheats
Victory
Defeat
🇦🇷 Franks · Argentina
394
+13
🇲🇽 Magyars · Mexico
319
-13
Santis3ns3i
0:43 Loom
13:25 Feudal Age
14:44 Wheelbarrow
13:55 Town Watch
15:51 Double-Bit Axe
23:29 Castle Age
23:05 Fletching
23:58 Man-at-Arms
29:59 Horse Collar
30:46 Bow Saw
30:37 Gold Mining
30:38 Stone Mining
30:55 Bodkin Arrow
37:03 Imperial Age
35:30 Corvinian Army
35:56 Fervor
35:30 Treadmill Crane
35:42 Guard Tower
36:15 Masonry
37:03 Hand Cart
37:51 Murder Holes
39:00 Padded Archer Armor
41:02 Capped Ram
44:08 Elite Skirmisher
44:57 Heated Shot
45:31 Town Patrol
45:15 Crossbowman
46:28 Heavy Plow
funebrerosz
3:41 Loom
10:38 Feudal Age
11:18 Double-Bit Axe
23:13 Castle Age
22:05 Forging
22:16 Scale Barding Armor
24:29 Bow Saw
24:46 Gold Mining
26:21 Stone Mining
29:21 Iron Casting
32:17 Chain Barding Armor
34:49 Scale Mail Armor
39:46 Imperial Age
38:00 Gold Shaft Mining
38:37 Chain Mail Armor
40:08 Light Cavalry
45:10 Cavalier
Connection lost

Rejoining the realm…

Still unreachable

The connection could not be restored.

Session expired

The server has moved on; the page needs a fresh start.